 Dungeon Crawl Stone Soup version 0.27-a0-103-g6cd7b45605 (webtiles) character file.

Game seed: 13919761289636548127

29 knot the Chopper (level 3, 42/43 HPs)
             Began as a Demonspawn Berserker on Jan 23, 2021.
             Was a Follower of Trog.
             Quit the game on level 2 of the Dungeon.
             The game lasted 00:00:41 (1549 turns).

knot the Chopper (Demonspawn Berserker)             Turns: 1549, Time: 00:00:41

Health: 42/43      AC:  2    Str: 17    XL:     3   Next: 1%
Magic:  3/3        EV: 12    Int:  9    God:    Trog [*.....]
Gold:   66         SH:  0    Dex: 12    Spells: 2/2 levels left

rFire    . . .     SeeInvis .   a - +0 hand axe
rCold    . . .     Faith    .   (no shield)
rNeg     . . .     Spirit   .   b - +0 animal skin
rPois    .         Reflect  .   (no helmet)
rElec    .         Harm     .   (no cloak)
rCorr    .         Rampage  .   (no gloves)
Will     .....                  (no boots)
Stlth    ..........             (no amulet)
HPRegen  0.14/turn              (no ring)
MPRegen  0.08/turn              (no ring)

@: berserking, very quick
A: powered by death 1, miasma immunity
a: Renounce Religion, Berserk


You were on level 2 of the Dungeon.
You worshipped Trog.
Trog was aware of your devotion.
You visited 1 branch of the dungeon, and saw 2 of its levels.

You collected 66 gold pieces.

Inventory:

Hand Weapons
 a - a +0 hand axe (weapon)
Missiles
 e - 108 stones
 i - 21 sling bullets
 k - 12 poisoned darts
Armour
 b - a +0 animal skin (worn)
Jewellery
 o - a +6 ring of intelligence {unknown}
Scrolls
 d - 3 scrolls of identify {unknown}
 g - a scroll of immolation {unknown}
 h - a scroll of enchant weapon {unknown}
 m - 3 scrolls of remove curse {unknown}
 n - a scroll of enchant armour {unknown}
Potions
 c - a potion of brilliance {unknown}
 f - 2 potions of lignification {unknown}
 j - a potion of curing
 l - 2 potions of invisibility {unknown}


   Skills:
 - Level 3.0 Fighting
 + Level 3.8 Axes
 - Level 1.7 Armour
 - Level 1.7 Dodging


You had 2 spell levels left.
You didn't know any spells.
Your spell library was empty.

Dungeon Overview and Level Annotations

Branches:
Dungeon (2/15)

Altars:
Dithmenos
Gozag
Makhleb
Xom


Innate Abilities, Weirdness & Mutations

You regenerate a little health from kills.
You are immune to miasma.


Message History

No target in view!
A worm comes into view.
Found a spear.
A worm is nearby!
A worm is nearby!
You hit the worm but do no damage. The worm bites you.
A red film seems to cover your vision as you go berserk!
You feel yourself moving faster!
You feel mighty!
You slash the worm!
The worm is heavily wounded.
The worm bites you but does no damage.
You slash the worm!
You kill the worm!
Trog accepts your kill.
You have reached level 3!
Your experience leads to an increase in your attributes!
Increase (S)trength, (I)ntelligence, or (D)exterity?
You feel clever.
Your demonic ancestry asserts itself...
You feel immune to miasma.
Are you sure you want to abandon this character and quit the game? (Confirm with "yes".)

#.......'.........#.....P.....
##....####.........P..P⌠.P...##
#.....# ##.......#.#.....##...
#..##.# ##.....######+###..<.
#...#.# ##...## ##.#. #.#.#.#
##+## #.#. #.....# #)# #.#.
####.##########.# ..#.
#.>......##...#@## ###.
#.##.###.##......## #. # #.#
#.##.......# .. #.#
#.........## ## #.# #......[..#
#.....[.........
..)...##...###### ########...#
#...#


There were no monsters in sight!

Vanquished Creatures
  A worm (D:2)
  2 leopard geckos (D:2)
  2 giant cockroaches
  3 hobgoblins (D:1)
  2 jackals (D:2)
  2 quokkas (D:2)
  7 bats
  A frilled lizard (D:2)
  A kobold (D:2)
21 creatures vanquished.

Notes
Turn   | Place    | Note
-------+----------+-------------------------------------------
     0 | D:1      | knot the Demonspawn Berserker began the quest for the Orb.
     0 | D:1      | Reached XP level 1. HP: 18/18 MP: 1/1
   263 | D:1      | Found a shimmering altar of Xom.
   554 | D:1      | Gained mutation: You regenerate a little health from kills.
                  | [demonic ancestry]
   554 | D:1      | Reached XP level 2. HP: 19/24 MP: 2/2
   797 | D:2      | Found an opulent altar of Gozag.
   797 | D:2      | Found a burning altar of Makhleb.
  1495 | D:2      | Found a shadowy altar of Dithmenos.
  1549 | D:2      | Gained mutation: You are immune to miasma. [demonic
                  | ancestry]
  1549 | D:2      | Reached XP level 3. HP: 29/29 MP: 3/3
  1549 | D:2      | Quit the game

Illustrated notes

Levels and vault maps discovered:
D:1:      saegor_arrival_simple_b, layout_basic, serial_bayou_pond_a,
          xom_teletrap_fun
D:2:      layout_loops_corners, gammafunk_temple_overflow_forgotten

Skill      XL: |  1 |
---------------+----+-----
Axes           | 3 |  3.8
Fighting       | |  3.0
Armour         | |  1.7
Dodging        | |  1.7

Action                   || total
-------------------------++-------
Melee: Hand axe          ||    77
Invok: Berserk           ||     2
Armor: Animal skin       ||    23
Dodge: Dodged            ||    75

Table legend: (Time is in decaauts)
 A = Elapsed time spent in this place.
 B = Non-inter-level travel time spent in this place.
 C = Inter-level travel time spent in this place.
 D = Time resting spent in this place.
 E = Time spent auto-exploring this place.
 F = Levels seen in this place.
 G = Mean time per level.
                   A        B        C        D        E       F      G
               +--------+--------+--------+--------+--------+-----+--------+
         Total |   1570 |   1532 |     38 |     95 |   1261 |   2 |  785.0 |
       Dungeon |   1570 |   1532 |     38 |     95 |   1261 |   2 |  785.0 |
               +--------+--------+--------+--------+--------+-----+--------+

Top non-repeatable levels by time:
     D:1: 799 daAuts
     D:2: 770 daAuts
